 Dungeon Crawl Stone Soup version 0.22.1-2-g9c5b331 (webtiles) character file.

3663 spiff the Cleaver (level 10, -6/91 HPs)
             Began as a Hill Orc Artificer on Dec 3, 2018.
             Was a Believer of Qazlal.
             Mangled by Psyche
             ... wielding a +4 dagger of chaos
              (18 damage)
             ... on level 7 of the Dungeon.
             The game lasted 00:37:00 (14423 turns).

spiff the Cleaver (Hill Orc Artificer)             Turns: 14423, Time: 00:37:01

Health: -6/91      AC:  8    Str: 17 (18) XL:     10   Next: 12%
Magic:  12/12      EV: 11    Int: 18 (19) God:    Qazlal [**....]
Gold:   416        SH:  2    Dex: 10 (12) Spells: 9/9 levels left

rFire    . . .     SeeInvis .   b - +0 war axe
rCold    + . .     Gourm    .   (no shield)
rNeg     . . .     Faith    .   p - +2 ring mail {rC+}
rPois    .         Spirit   .   (no helmet)
rElec    .         Reflect  .   (no cloak)
rCorr    .         Harm     .   (no gloves)
MR       +....                  (no boots)
Stlth    +.........             (no amulet)
HPRegen  0.25/turn              u - ring of protection from magic
MPRegen  0.13/turn              s - +3 ring of intelligence

@: brilliant, slowed, very slow
A: no striking features
a: Upheaval, Renounce Religion


You were on level 7 of the Dungeon.
You worshipped Qazlal.
Qazlal was pleased with you.
You were hungry.

You visited 2 branches of the dungeon, and saw 9 of its levels.
You also visited: Bailey.

You collected 451 gold pieces.
You spent 35 gold pieces at shops.

Inventory:

Hand Weapons
 a - a +0 hunting sling
 b - a +0 war axe (weapon)
 x - a +0 blowgun
 K - a +0 trident of venom
Missiles
 m - 255 stones (quivered)
 v - 4 tomahawks
 A - 12 poisoned needles
Armour
 n - a +1 leather armour
 p - a +2 ring mail of cold resistance (worn)
 q - a +0 ring mail
 w - a +0 plate armour
 y - a +0 chain mail
 z - +0 steam dragon scales
Jewellery
 c - an uncursed ring of protection from cold {unknown}
 l - an uncursed ring of ice
 s - a +3 ring of intelligence (right hand)
 u - a ring of protection from magic (left hand)
 F - an uncursed ring of fire
Wands
 d - a wand of enslavement (9)
 e - a wand of random effects (15)
 G - a wand of acid (4)
 J - a wand of clouds (5)
Scrolls
 h - 8 scrolls of immolation
 i - 5 scrolls of remove curse
 k - 2 scrolls of enchant armour
 r - 2 scrolls of fog
 C - 3 scrolls of random uselessness
 H - 2 scrolls of fear {unknown}
Potions
 g - 2 potions of curing
 j - 2 potions of magic
 t - a potion of brilliance
 B - 3 potions of flight
 D - a potion of heal wounds
 E - a potion of resistance
 L - a potion of lignification {unknown}
 M - a potion of berserk rage {unknown}
Comestibles
 f - 16 rations
 N - 10 chunks of flesh


   Skills:
 + Level 9.0 Fighting
   Level 1.0 Short Blades
 * Level 12.0 Axes
 + Level 8.0 Armour
 - Level 1.5 Dodging
 - Level 0.7 Stealth
 - Level 3.0 Evocations


You had 9 spell levels left.
You didn't know any spells.
Your spell library contained the following spells:

 Spells                   Type           Power        Failure   Level  Hunger
 Sandblast                Erth           ##....       4%          1    ##.....
 Passwall                 Tmut/Erth      ##......     7%          2    ###....
 Stone Arrow              Conj/Erth      ##....       12%         3    ####...
 Petrify                  Tmut/Erth      ##......     34%         4    #####..
 Lee's Rapid Deconstruct  Erth           ##........   63%         5    ######.


Dungeon Overview and Level Annotations

Branches:
Dungeon (8/15)             Temple (1/1) D:4
   Lair: D:8-11

Altars:
Ashenzari
Cheibriados
Dithmenos
Elyvilon
Fedhas
Gozag
Hepliaklqana
Kikubaaqudgha
Makhleb
Nemelex Xobeh
Okawaru
Qazlal
Ru
Sif Muna
Trog
Uskayaw
Vehumet
Wu Jian
Xom
Yredelemnul
Zin
The Shining One

Shops:
D:6 [?   D:7 *

Annotations:
D:3 2 transporters
D:7 2 transporters, Psyche; Rwicked's ghost, novice GrFE


Message History

The worker ant bites you but does no damage.
You climb upwards.
Level annotation: 2 transporters, Rwicked's ghost, novice GrFE
There is a stone staircase leading down here.
You barely miss Psyche. You slash the worker ant!
Psyche hits you with a dagger of chaos. You block Psyche's attack.
The worker ant is engulfed in blazing flames.
You kill the worker ant!
Qazlal accepts your kill.
Psyche laughs secretively.
You block Psyche's attack.
You closely miss Psyche. Psyche hits you but does no damage.
Psyche closely misses you.
Psyche points at you and mumbles some strange words.
The puff of flame hits you!
* * * LOW HITPOINT WARNING * * *
Psyche hits you with a dagger of chaos.
* * * LOW HITPOINT WARNING * * *
You are electrocuted!
You die...

# ############### #
#.............# #
#.............#
#####.............#
####................##
###............ยง@....##
...........##...@>...##
.........######...##..#
......#..## ######..#
..........## ##.##
...........# #..#
##.........# #..#
##........## #####.## #
##......## ###.###..#
#####


You could see Psyche.

Vanquished Creatures
  A hippogriff (D:7)
  A steam dragon (D:8)
  Menkaure (D:6)
  2 ice beasts (D:8)
  3 orc warriors
  A sky beast (D:5)
  2 phantoms
  6 ogres
  2 centaurs
  3 bullfrogs
  A water moccasin zombie (D:8)
  3 wights
  A howler monkey (D:3)
  An electric eel (Bailey)
  5 bullfrog zombies
  2 crimson imps
  5 orc priests
  A centaur skeleton (D:8)
  A jelly (D:3)
  4 hounds
  An iguana (D:6)
  6 orc wizards
  5 worker ants
  A hound zombie (D:4)
  A hound skeleton (D:4)
  2 howler monkey zombies (D:4)
  6 worker ant zombies (D:4)
  12 adders
  11 gnolls
  A shadow imp (D:6)
  2 oozes
  An adder skeleton (D:4)
  3 worms
  2 dart slugs (D:2)
  3 leopard geckos
  23 orcs
  6 giant cockroaches
  14 goblins
  9 hobgoblins
  22 jackals
  10 kobolds
  2 quokkas
  11 bats
  5 frilled lizards
  2 giant cockroach zombies (D:4)
  3 leopard gecko skeletons
  3 leopard gecko zombies (D:4)
  6 rats
219 creatures vanquished.

Vanquished Creatures (collateral kills)
  An adder skeleton (D:5)
  A worm (D:2)
  A jackal (D:2)
3 creatures vanquished.

Vanquished Creatures (others)
  A hobgoblin (Bailey)
  A jackal (D:1)
2 creatures vanquished.

Grand Total: 224 creatures vanquished

Notes
Turn   | Place    | Note
-------+----------+-------------------------------------------
     0 | D:1      | spiff the Hill Orc Artificer began the quest for the Orb.
     0 | D:1      | Reached XP level 1. HP: 16/16 MP: 3/3
    99 | D:1      | Reached skill level 1 in Armour
   142 | D:1      | Reached XP level 2. HP: 24/24 MP: 4/4
   950 | D:1      | Reached XP level 3. HP: 30/30 MP: 5/5
  2018 | D:2      | Reached XP level 4. HP: 38/38 MP: 6/6
  3666 | D:3      | Reached XP level 5. HP: 46/46 MP: 7/7
  3770 | D:3      | Reached skill level 1 in Axes
  3972 | D:3      | Noticed an ogre
  3975 | D:3      | Noticed an orc warrior
  4067 | D:3      | Found a transporter.
  4079 | D:3      | Found a transporter.
  4088 | D:3      | Found an opulent altar of Gozag.
  4089 | D:3      | Found a shadowy altar of Dithmenos.
  4289 | D:3      | Found a snail-covered altar of Cheibriados.
  4415 | D:4      | Noticed an ogre
  4425 | D:3      | Reached skill level 2 in Axes
  4491 | D:4      | Noticed an ogre
  4874 | D:4      | Reached skill level 3 in Axes
  4874 | D:4      | Reached XP level 6. HP: 41/53 MP: 8/8
  5504 | D:3      | HP: 2/53 [poisoned by a scorpion]
  5917 | D:4      | Reached skill level 4 in Axes
  6121 | D:3      | Reached skill level 5 in Fighting
  6218 | D:3      | Reached XP level 7. HP: 54/61 MP: 9/9
  6491 | D:4      | Reached skill level 5 in Axes
  7233 | D:4      | Found a staircase to the Ecumenical Temple.
  7243 | Temple   | Entered the Ecumenical Temple
  7316 | Temple   | Became a worshipper of Qazlal Stormbringer
  7835 | D:4      | Reached skill level 6 in Axes
  7896 | D:5      | Entered Level 5 of the Dungeon
  7907 | D:4      | Reached skill level 5 in Armour
  8030 | D:5      | Reached XP level 8. HP: 61/70 MP: 10/10
  8095 | D:5      | Reached skill level 7 in Axes
  8777 | D:5      | Found a sacrificial altar of Ru.
  8950 | D:5      | Reached * piety under Qazlal
  8993 | D:5      | Reached skill level 8 in Axes
 10229 | D:5      | Reached skill level 9 in Axes
 10522 | D:6      | Reached XP level 9. HP: 72/79 MP: 11/11
 11087 | D:6      | Found Bahouss's Armour Shoppe.
 11308 | D:6      | Reached skill level 10 in Axes
 11773 | D:6      | Found Wol Geg's Magic Scroll Emporium.
 11781 | D:6      | Noticed Menkaure
 11787 | D:6      | Killed Menkaure
 11915 | D:6      | Found a hazy altar of Hepliaklqana.
 12180 | D:6      | Bought a scroll of magic mapping for 35 gold pieces
 12201 | D:7      | Found a flagged portal.
 12216 | Bailey   | Entered a bailey
 13144 | D:7      | Found Hurree Coyk's Assorted Antiques.
 13556 | D:7      | Found a transporter.
 13556 | D:7      | Found a transporter.
 13556 | D:7      | Noticed Rwicked's ghost (novice GrFE)
 13685 | D:7      | Reached ** piety under Qazlal
 14069 | D:8      | Reached skill level 11 in Axes
 14278 | D:8      | Reached XP level 10. HP: 83/90 MP: 12/12
 14399 | D:8      | Reached skill level 12 in Axes
 14415 | D:8      | Noticed Psyche
 14423 | D:7      | Mangled by Psyche

Skill      XL: |  1  2  3  4  5  6  7  8  9 10 |
---------------+-------------------------------+-----
Armour         | 1 2 3 4 5 6 7 8 |  8.0
Fighting       | 2 3 4 5 6 7 8 9 |  9.0
Axes           | 3 4 6 9 11 12 | 12.0
Short Blades   | |  1.0
Dodging        | |  1.5
Stealth        | |  0.7
Evocations     | |  3.0

Action                   |  1- 3 |  4- 6 |  7- 9 | 10-12 || total
-------------------------+-------+-------+-------+-------++-------
Melee: Short sword       |   120 |       |       |       ||   120
       Dagger            |    45 |   112 |       |       ||   157
       Hand axe          |       |   193 |   400 |       ||   593
       Trident           |       |       |    51 |       ||    51
       War axe           |       |       |   125 |    45 ||   170
 Fire: Hunting sling     |     2 |    74 |   102 |       ||   178
       Blowgun           |       |    13 |     9 |       ||    22
Throw: Stone             |       |     1 |       |       ||     1
Invok: Upheaval          |       |       |       |     1 ||     1
Evoke: Wand              |     7 |     6 |    16 |       ||    29
  Use: Scroll            |       |    11 |     6 |     1 ||    18
       Potion            |       |       |     1 |     4 ||     5
 Stab: Sleeping          |     1 |       |       |       ||     1
       Paralysed         |       |       |     7 |       ||     7
  Eat: Chunk             |     2 |    12 |    19 |       ||    33
       Ration            |       |     1 |     2 |       ||     3
Armor: Leather armour    |    55 |    64 |       |       ||   119
       Chain mail        |       |   220 |       |       ||   220
       Ring mail         |       |       |   207 |    14 ||   221
Dodge: Dodged            |   111 |   184 |   282 |    36 ||   613
Block: Other             |       |       |    18 |     8 ||    26
